 Dungeon Crawl Stone Soup version 0.25-a0-1133-g93ebf739aa (webtiles) character file.

Game seed: 336215800633785003, levelgen mode: deterministic

38 Holzbalken the Chopper (level 3, -1/31 HPs)
             Began as a Hill Orc Monk on May 22, 2020.
             Slain by a worker ant (6 damage)
             ... on level 2 of the Dungeon.
             The game lasted 00:02:38 (1385 turns).

Holzbalken the Chopper (Hill Orc Monk)              Turns: 1385, Time: 00:02:39

Health: -1/31      AC:  3    Str: 12 (14) XL:     3   Next: 43%
Magic:  3/3        EV: 12    Int:  9 (10) God:
Gold:   98         SH:  0    Dex: 10 (13) Spells: 2/2 levels left

rFire    . . .     SeeInvis .   a - +0 hand axe
rCold    . . .     Gourm    .   (no shield)
rNeg     . . .     Faith    .   j - +0 leather armour
rPois    .         Spirit   .   (no helmet)
rElec    .         Reflect  .   (no cloak)
rCorr    .         Harm     .   (no gloves)
MR       .....                  (no boots)
Stlth    +.........             (no amulet)
HPRegen  0.10/turn              (no ring)
MPRegen  0.08/turn              (no ring)

@: lethally poisoned (-1 -> -6)
A: no striking features
a: no special abilities


You were on level 2 of the Dungeon.
You were hungry.

You visited 1 branch of the dungeon, and saw 2 of its levels.

You collected 98 gold pieces.

Inventory:

Hand Weapons
 a - a +0 hand axe (weapon)
Armour
 b - a +0 robe
 j - a +0 leather armour (worn)
   (You found it on level 1 of the Dungeon)
Jewellery
 g - an uncursed amulet of regeneration {unknown}
   (You found it on level 1 of the Dungeon)
Scrolls
 f - 2 scrolls of enchant weapon {unknown}
 h - a scroll of noise {unknown}
 i - a scroll of teleportation {unknown}
 k - a scroll of fear {unknown}
 l - 2 scrolls of magic mapping {unknown}
 m - a scroll of random uselessness {unknown}
 n - a scroll of enchant armour {unknown}
Comestibles
 e - a ration {!d}


   Skills:
 - Level 3.6 Fighting
 + Level 5.8 Axes
 - Level 2.4 Dodging
 - Level 1.5 Stealth


You had 2 spell levels left.
You didn't know any spells.
Your spell library was empty.

Dungeon Overview and Level Annotations

Branches:
Dungeon (2/15)

Altars:


Message History

You kill the ooze!
l - 2 scrolls labeled ILOR LOOSMOY (gained 1)
You start resting.
Found 4 gold pieces.
You now have 98 gold pieces (gained 4).
You see here 30 sling bullets.
All of the chunks of flesh in your inventory have rotted away.
You see here 16 stones.
Done exploring.
Done exploring.
There is a shaft here.
There is a stone staircase leading down here.
Search for what [? for help]? .
You climb downwards.
A worker ant comes into view.
The worker ant twitches its antennae in your direction.
There is a stone staircase leading up here.
You hit the worker ant but do no damage.
The worker ant closely misses you.
You closely miss the worker ant. The worker ant bites you.
You barely miss the worker ant. The worker ant barely misses you.
You hit the worker ant. The worker ant closely misses you.
The worker ant bites you but does no damage.
You are feeling hungry.
You closely miss the worker ant. The worker ant bites you.
You are poisoned.
The worker ant poisons you!
You closely miss the worker ant.
You feel sick. The worker ant bites you.
You are more poisoned.
The worker ant poisons you!
You closely miss the worker ant.
You feel sick. The worker ant barely misses you.
You hit the worker ant but do no damage.
The worker ant bites you.
* * * LOW HITPOINT WARNING * * *
You barely miss the worker ant.
You feel sick. The worker ant bites you.
* * * LOW HITPOINT WARNING * * *
The worker ant bites you but does no damage.
You hit the worker ant.
* * * LOW HITPOINT WARNING * * *
You feel sick. The worker ant barely misses you.
You hit the worker ant but do no damage.
The worker ant misses you.
Okay, then.
It was a potion of degeneration.
There was something very wrong with that liquid.
You feel weakened.
You feel dopey.
You feel clumsy.
* * * LOW HITPOINT WARNING * * *
You feel sick. The worker ant bites you.
You die...

## .. ##.
###...######
.......<@a.#
###...####.#
##. # #


You could see a worker ant.

Vanquished Creatures
  An ooze (D:1)
  3 dart slugs (D:1)
  A leopard gecko (D:1)
  3 bats (D:1)
  2 giant cockroaches (D:1)
  2 goblins (D:1)
  4 hobgoblins (D:1)
  2 jackals (D:1)
  4 frilled lizards (D:1)
  2 kobolds (D:1)
  3 rats (D:1)
27 creatures vanquished.

Notes
Turn   | Place    | Note
-------+----------+-------------------------------------------
     0 | D:1      | Holzbalken the Hill Orc Monk began the quest for the Orb.
     0 | D:1      | Reached XP level 1. HP: 19/19 MP: 1/1
   227 | D:1      | Reached XP level 2. HP: 22/26 MP: 2/2
   288 | D:1      | Reached skill level 5 in Axes
   723 | D:1      | Reached XP level 3. HP: 30/31 MP: 3/3
  1385 | D:2      | Slain by a worker ant

Illustrated notes

Levels and vault maps discovered:
D:1:      erik_arrival_cave_to_civilisation [erik_arrival_cave_to_hall],
          layout_loops_ring
D:2:      layout_loops_ring, minitemple, uniq_natasha, uniq_robin, uniq_sigmund

Skill      XL: |  1  2 |
---------------+-------+-----
Axes           | 5 |  5.8
Fighting       | |  3.6
Dodging        | |  2.4
Stealth        | |  1.5

Action                   || total
-------------------------++-------
Melee: Hand axe          ||    92
  Use: Potion            ||     1
 Stab: Sleeping          ||     1
  Eat: Chunk             ||     1
Armor: Robe              ||     9
       Leather armour    ||     6
Dodge: Dodged            ||    65

Table legend:
 A = Non-vault XP
 B = Vault XP
 C = Vault XP percentage of total XP
 D = Non-vault monster count
 E = Vault monster count
 F = Vault count percentage of total count
                 A         B        C        D         E       F
            +---------+---------+-------+---------+---------+-------
      Total |      50 |       5 |   9.1 |      25 |       2 |   7.4
            +---------+---------+-------+---------+---------+-------
        D:1 |      50 |       5 |   9.1 |      25 |       2 |   7.4
            +---------+---------+-------+---------+---------+-------
